 Dungeon Crawl Stone Soup version 0.19.1 (webtiles) character file.

100 Mefis the Magician (level 4, 0/25 HPs)
             Began as a Deep Elf Wizard on Dec 19, 2016.
             Slain by a worm (9 damage)
             ... on level 2 of the Dungeon.
             The game lasted 00:03:14 (2430 turns).

Mefis the Magician (Deep Elf Wizard)                Turns: 2430, Time: 00:03:15

Health: 0/25       AC:  3    Str:  4    XL:     4   Next: 46%
Magic:  2/13       EV: 13    Int: 24    God:
Gold:   79         SH:  0    Dex: 13    Spells: 6 memorised, 0 levels left

rFire  . . .     SeeInvis .     h - +1 dagger (flame)
rCold  . . .     Gourm    .     a - +0 robe
rNeg   . . .     Faith    .     (no shield)
rPois  .         Spirit   .     b - +0 hat
rElec  .         Reflect  .     (no cloak)
rCorr  .         Harm     .     (no gloves)
MR     .....                    r - +0 pair of boots {Stlth+}
Stlth  +++.......               (no amulet)
                                (no ring)
                                (no ring)

@: repel missiles
A: no striking features
a: no special abilities


You were on level 2 of the Dungeon.
You were not hungry.

You visited 1 branch of the dungeon, and saw 2 of its levels.

You collected 79 gold pieces.

Inventory:

Hand Weapons
 f - a +0 dagger
 h - a +1 dagger of flaming (weapon)
 q - a +0 hunting sling
Armour
 a - a +0 robe (worn)
 b - a +0 hat (worn)
 g - a +0 pair of boots
 r - a +0 pair of boots of stealth (worn)
Wands
 s - a wand of paralysis (17/24)
Scrolls
 e - a scroll of identify {unknown}
 i - a scroll of teleportation {unknown}
 m - a scroll of fog {unknown}
 p - a scroll of blinking {unknown}
 t - a scroll of amnesia {unknown}
Potions
 j - a potion of flight {unknown}
 k - a potion of mutation {unknown}
 l - a potion of brilliance {unknown}
 o - a potion of degeneration {unknown}
Books
 c - a book of Minor Magic

   Spells                             Type                      Level
   a - Magic Dart                     Conjuration                  1
   b - Blink                          Translocation                2
   c - Call Imp                       Summoning                    2
   d - Repel Missiles                 Charms/Air                   2
   e - Slow                           Hexes                        2
   f - Conjure Flame                  Conjuration/Fire             3
   g - Mephitic Cloud                 Conjuration/Poison/Air       3
Comestibles
 d - 3 bread rations
 n - a meat ration


   Skills:
 + Level 1.0 Fighting
 + Level 3.0 Dodging
 + Level 3.3 Stealth
 * Level 5.2 Spellcasting
 + Level 2.0 Conjurations
 - Level 1.1 Summonings
 - Level 1.1 Translocations
 + Level 1.1 Air Magic
 + Level 0.7 Poison Magic
 + Level 0.2 Evocations


You couldn't memorise any spells.
You knew the following spells:

 Your Spells              Type           Power        Failure   Level  Hunger
a - Magic Dart            Conj           ###.         4%          1    None
b - Call Imp              Summ           ##......     12%         2    None
c - Blink                 Tloc           N/A          12%         2    None
d - Repel Missiles        Chrm/Air       #.....       12%         2    None
e - Mephitic Cloud        Conj/Pois/Air  ##......     17%         3    ##.....
f - Conjure Flame         Conj/Fire      ##......     21%         3    ##.....


Dungeon Overview and Level Annotations

Branches:
Dungeon (2/15)

Altars:


Message History

Casting: Magic Dart
Confirm with . or Enter, or press ? or * to list all spells.
A beastly little devil appears in a puff of flame.
Your crimson imp hits the worm but does no damage.
The worm closely misses your crimson imp.
Your crimson imp hits the worm.
Your crimson imp hits the worm.
The worm bites your crimson imp.
Your crimson imp closely misses the worm.
Something bites your crimson imp!
You open the door.
There is an open door here.
As you close the door, it creaks loudly!
You hear an angry hiss.
You start resting.
An adder comes into view.
As you open the door, it creaks loudly!
There is an open door here.
You close the door.
The worm bites you!
You die...

##### ##### #...####
#########...#######.......
.....S..+.w......w......#.
#########@........###.#.#.
#...#.....# #.#.#.
###...#†###.# #.#.#.
.......).##.# #.#.#.
.........##.###.#†##
#.............#..#..
....###+#.#####.##### ##.
# #..# #......
.###.##†####..###.


You could see a worm.

Vanquished Creatures
  A gnoll (D:1)
  4 adders
  An ooze (D:1)
  A dart slug (D:1)
  2 leopard geckos
  A ball python (D:2)
  3 giant cockroaches
  7 goblins
  8 hobgoblins
  4 jackals (D:2)
  2 bats
  5 frilled lizards
  3 kobolds (D:1)
  3 rats
45 creatures vanquished.

Notes
Turn   | Place    | Note
-------+----------+-------------------------------------------
     0 | D:1      | Mefis the Deep Elf Wizard began the quest for the Orb.
     0 | D:1      | Reached XP level 1. HP: 10/10 MP: 7/7
   110 | D:1      | Reached XP level 2. HP: 15/15 MP: 0/9
   114 | D:1      | Learned a level 2 spell: Call Imp
   117 | D:1      | Learned a level 2 spell: Blink
   120 | D:1      | Learned a level 2 spell: Repel Missiles
   700 | D:1      | Reached skill level 5 in Spellcasting
   700 | D:1      | Reached XP level 3. HP: 20/20 MP: 4/11
   705 | D:1      | Learned a level 3 spell: Mephitic Cloud
  2027 | D:2      | Reached XP level 4. HP: 24/24 MP: 5/13
  2034 | D:2      | Learned a level 3 spell: Conjure Flame
  2166 | D:2      | Reached skill level 1 in Fighting
  2166 | D:2      | Reached skill level 1 in Air Magic
  2430 | D:2      | Slain by a worm

Skill      XL: |  1  2  3  4 |
---------------+-------------+-----
Spellcasting   | 5 |  5.2
Stealth        | 3 |  3.3
Conjurations   | 2 |  2.0
Fighting       | 1 |  1.0
Air Magic      | 1 |  1.1
Dodging        | 3 |  3.0
Summonings     | |  1.1
Translocations | |  1.1
Poison Magic   | |  0.7
Evocations     | |  0.2

Action                   |  1- 3 |  4- 6 || total
-------------------------+-------+-------++-------
Melee: Dagger            |    28 |     3 ||    31
 Cast: Magic Dart        |    68 |    39 ||   107
       Repel Missiles    |     2 |       ||     2
       Call Imp          |       |     1 ||     1
 Stab: Sleeping          |     2 |       ||     2
  Eat: Chunk             |     3 |     1 ||     4
Armor: Robe              |    11 |       ||    11
Dodge: Dodged            |    33 |     1 ||    34
       Deflected         |     1 |       ||     1
